 Dungeon Crawl Stone Soup version 0.30.1-11-g7821555f0a (webtiles) character file.

Game seed: 11034449491005220269

727 Wiggles the Chopper (level 7, -1/62 HPs)
             Began as a Minotaur Berserker on Nov 30, 2023.
             Was a Priest of Trog.
             Killed from afar by Dowan (18 damage)
             ... with a shard of ice
             ... on level 4 of the Dungeon.
             The game lasted 00:05:57 (3460 turns).

Wiggles the Chopper (Minotaur Berserker)            Turns: 3460, Time: 00:05:58

Health: -1/62      AC: 11    Str: 26 (28) XL:     7   Next: 44%
Magic:  6/6        EV:  9    Int:  0 (3)  God:    Trog [***...]
Gold:   173        SH:  5    Dex:  7 (8)  Spells: 6/6 levels left

rFire   . . .        a - +0 hand axe
rCold   . . .        (no shield)
rNeg    . . .        m - +0 chain mail
rPois   .            (helmet restricted)
rElec   .            (no cloak)
rCorr   .            g - +0 pair of gloves
SInv    .            (no boots)
Will    .....        p - amulet of reflection Stlth
                     i - ring of flight
HPRegen 0.30/turn    (no ring)
MPRegen 0.10/turn

%: reflection
@: on berserk cooldown, flying, slowed, lost intelligence, unable to read, very
slow
A: horns 2, retaliatory headbutt, talons 1, deterioration 1, strong 1
a: Renounce Religion, Berserk, Trog's Hand


You were on level 4 of the Dungeon.
You worshipped Trog.
Trog was most pleased with you.
You visited 1 branch of the dungeon, and saw 4 of its levels.
You also visited: Sewer.

You collected 173 gold pieces.

Inventory:

Hand Weapons
 a - a +0 hand axe (weapon)
Armour
 g - a +0 pair of gloves (worn)
 m - a +0 chain mail (worn)
Jewellery
 i - a ring of flight (left hand)
 p - an amulet of reflection (around neck)
Wands
 k - a wand of flame (21)
 r - a wand of polymorph (9)
Scrolls
 c - 2 scrolls of fear {unknown}
 d - 8 scrolls of identify {unknown}
 e - 4 scrolls of teleportation {unknown}
 h - 2 scrolls of noise {unknown}
 j - a scroll of poison {unknown}
 n - a scroll of fog {unknown}
 o - a scroll of magic mapping {unknown}
 t - 2 scrolls of enchant weapon {unknown}
 x - a scroll of blinking {unknown}
Potions
 b - 2 potions of mutation
 f - a potion of invisibility
 l - 3 potions of lignification {unknown}
 q - a potion of attraction {unknown}
 s - 2 potions of haste {unknown}
 u - a potion of resistance {unknown}
 v - a potion of magic {unknown}
 w - 2 potions of flight {unknown}


   Skills:
 + Level 5.7 Fighting
 + Level 7.1 Axes
 + Level 5.3 Armour
 + Level 3.5 Dodging
 + Level 1.0 Stealth
 + Level 1.5 Shields


You had 6 spell levels left.
You didn't know any spells.
Your spell library was empty.

Dungeon Overview and Level Annotations

Branches:
Dungeon (4/15)              Sewer (visited)
 Temple: D:4-7

Altars:

Shops:
D:2 (

Annotations:
D:4 Dowan


Innate Abilities, Weirdness & Mutations

You have a pair of horns on your head.
You reflexively headbutt those who attack you in melee.
You have sharp toenails.
Your body sometimes deteriorates upon taking damage.
Your muscles are strong. (Str +4, Int/Dex -1)


Message History

Dowan hits you with a +0 dagger.
You barely miss Duvessa. You claw Duvessa.
Duvessa is moderately wounded.
You slash Dowan! Duvessa closely misses you. You furiously retaliate!
You headbutt Duvessa! Dowan hits you but does no damage.
You barely miss Duvessa. You headbutt Duvessa.
Duvessa is heavily wounded.
You barely miss Dowan. Duvessa barely misses you. You block Dowan's attack.
You slash Duvessa! You claw Duvessa!
You kill Duvessa!
Trog accepts your kill.
Dowan screams, "No!
Oh no!"
Dowan seems to find hidden reserves of power!
You slash Dowan!
Dowan mumbles some strange words.
Dowan blinks!
Your Axes skill increases to level 7!
Items here: $ ) / [.
You feel a strong urge to attack something.
Dowan casts a spell.
Dowan blinks!
Items here: $ ) / [.
You feel your anger nearly subside.
You are no longer berserk.
You are exhausted.
You feel yourself slow down.
Dowan casts a spell.
Dowan blinks!
Dowan says, "Her death will not be in vain!"
Dowan shakes with grief.
Dowan gestures at you while chanting. The shard of ice hits you!!
Dowan points at you and mumbles some strange words.
The stone arrow hits you!
* * * LOW HITPOINT WARNING * * *
Your body deteriorates!
You feel clumsy.
A kobold comes into view. It is wielding a +0 club.
The kobold shouts!
You hear a shout!
Dowan gestures at you while chanting. The shard of ice hits you!!
You die...

..# #.# #####.. #.# ##.#
### #######.## #..# #
#........# #<## #####
#......#.# #.########..##
#......#.####.#..<........
##.....)..............##.##
.>......###......#######.#
##........@e........####.##
#######...###.##.........>
#.#.....####..#####.
#..####... ##.# ## ...##
#.#.. #[.# # K### #. ##.
##.# # # #. .. .. #. .# ##.
#. # ..


You could see Dowan (fast) and a kobold.

Vanquished Creatures
  Sigmund (D:3)
  Duvessa (D:4)
  A centaur (D:3)
  A jelly (D:4)
  Jessica (D:3)
  Ijyb (D:3)
  A hell rat (Sewer)
  An orc wizard (D:3)
  Natasha (thrice) (D:3)
  2 adders
  3 gnolls (D:2)
  2 river rats (Sewer)
  A white imp (D:4)
  An ufetubus (D:3)
  3 worms
  2 dart slugs
  4 orcs (D:3)
  7 ball pythons
  3 bats
  9 endoplasms
  4 giant cockroaches
  7 hobgoblins
  6 jackals (D:3)
  3 quokkas
  3 frilled lizards
  10 goblins
  5 kobolds (D:1)
  13 rats
99 creatures vanquished.

Notes
Turn   | Place    | Note
-------+----------+-------------------------------------------
     0 | D:1      | Wiggles the Minotaur Berserker began the quest for the Orb.
     0 | D:1      | Reached XP level 1. HP: 19/19 MP: 0/0
   115 | D:1      | Reached XP level 2. HP: 9/27 MP: 1/1
   269 | D:1      | Reached skill level 4 in Axes
   581 | D:1      | Reached ** piety under Trog
   662 | D:1      | Found a faded altar of an unknown god.
   667 | D:1      | Reached XP level 3. HP: 27/33 MP: 2/2
  1381 | D:2      | Found Supymy's Weapon Boutique.
  1446 | D:2      | Reached XP level 4. HP: 41/41 MP: 3/3
  1896 | D:3      | Noticed Ijyb
  1908 | D:3      | Killed Ijyb
  1909 | D:3      | Reached skill level 5 in Axes
  1945 | D:3      | Noticed Jessica
  1950 | D:3      | Killed Jessica
  1951 | D:3      | Reached XP level 5. HP: 45/47 MP: 4/4
  2018 | D:3      | Noticed a centaur
  2025 | D:3      | Killed a centaur
  2149 | D:3      | Found a glowing drain.
  2169 | Sewer    | Entered a sewer
  2179 | Sewer    | Reached skill level 6 in Axes
  2308 | Sewer    | Reached XP level 6. HP: 55/55 MP: 5/5
  2384 | D:3      | Noticed Natasha
  2394 | D:3      | Killed Natasha
  2395 | D:3      | Reached skill level 5 in Fighting
  2659 | D:3      | Noticed Sigmund
  2667 | D:3      | Killed Sigmund
  2683 | D:3      | Gained mutation: Your body sometimes deteriorates upon
                  | taking damage. [potion of mutation]
  2683 | D:3      | Gained mutation: You have sharp toenails. [potion of
                  | mutation]
  2683 | D:3      | Gained mutation: Your muscles are strong. (Str +4, Int/Dex
                  | -1) [potion of mutation]
  2685 | D:3      | Reached *** piety under Trog
  2701 | D:3      | Lost intelligence.
  2708 | D:3      | Reached XP level 7. HP: 19/61 MP: 6/6
  2773 | D:3      | Noticed Natasha
  2781 | D:3      | Killed Natasha
  2782 | D:3      | Reached skill level 1 in Shields
  2808 | D:3      | Noticed Natasha
  2817 | D:3      | Killed Natasha
  2818 | D:3      | Reached skill level 1 in Stealth
  3336 | D:4      | Reached skill level 5 in Armour
  3444 | D:4      | Noticed Dowan
  3445 | D:4      | Noticed Duvessa
  3452 | D:4      | Killed Duvessa
  3453 | D:4      | Reached skill level 7 in Axes
  3460 | D:4      | Killed from afar by Dowan

Illustrated notes

Levels and vault maps discovered:
D:1:      dpeg_arrival_stonehenge_12_columns, layout_basic,
          basic_ecumenical_altar
D:2:      layout_loops_corners, serial_shops, nicolae_shop_hallway_stairs
D:3:      layout_loops_corners, cheibrodos_sewer_entry_drain, uniq_ijyb,
          uniq_sigmund, uniq_jessica, uniq_natasha
D:4:      layout_rooms, uniq_duvessa

Skill      XL: |  1  2  3  4  5  6  7 |
---------------+----------------------+-----
Fighting       | 4 5 |  5.7
Axes           | 4 5 6 7 |  7.1
Armour         | 3 4 5 |  5.3
Dodging        | 3 |  3.5
Shields        | 1 |  1.5
Stealth        | 1 |  1.0

Action                     |  1- 3 |  4- 6 |  7- 9 || total
---------------------------+-------+-------+-------++-------
  Melee: Hand axe          |    84 |   116 |    43 ||   243
         Headbutt          |     6 |    17 |     8 ||    31
         Punch             |       |     3 |       ||     3
         Kick              |       |     3 |     9 ||    12
 Invoke: Berserk           |     1 |     3 |     1 ||     5
    Use: Potion            |       |     5 |       ||     5
 Armour: Animal skin       |     7 |       |       ||     7
         Leather armour    |     6 |       |       ||     6
         Chain mail        |    16 |    56 |    28 ||   100
         Skin              |       |     3 |       ||     3
  Dodge: Dodged            |    53 |    58 |    22 ||   133
  Block: Other             |       |    15 |    14 ||    29
